 Dungeon Crawl Stone Soup version 0.28-a0-1235-g7c8fac35f0 (webtiles) character file.

Game seed: 17910676766355711361

23 a11behringer the Chopper (level 2, -3/27 HPs)
             Began as a Hill Orc Cinder Acolyte on Dec 25, 2021.
             Was a High Priest of Ignis.
             Slain by an adder (4 damage)
             ... on level 2 of the Dungeon.
             The game lasted 00:02:34 (1829 turns).

a11behringer the Chopper (Hill Orc Cinder Acolyte)  Turns: 1829, Time: 00:02:35

Health: -3/27      AC:  2    Str: 16    XL:     2   Next: 95%
Magic:  1/3        EV: 11    Int: 14    God:    Ignis [*****.]
Gold:   35         SH:  0    Dex:  6    Spells: 1/3 levels left

rFire   + . .      SeeInvis .   a - -1 hand axe (flame)
rCold   . . .      Faith    .   (no shield)
rNeg    . . .      Spirit   .   b - +0 robe
rPois   .          Reflect  .   (no helmet)
rElec   .          Harm     .   (no cloak)
rCorr   .          Rampage  .   (no gloves)
Will    .....                   (no boots)
Stlth   +.........              (no amulet)
HPRegen 0.09/turn               (no ring)
MPRegen 0.08/turn               (no ring)

@: lethally poisoned (-3 -> -8)
A: no striking features
a: Renounce Religion, Fiery Armour, Foxfire Swarm, Rising Flame


You were on level 2 of the Dungeon.
You worshipped Ignis.
Ignis was extremely pleased with you.
You visited 1 branch of the dungeon, and saw 2 of its levels.

You collected 35 gold pieces.

Inventory:

Hand Weapons
 a - a -1 hand axe of flaming (weapon)
Missiles
 g - 15 poisoned darts (quivered)
Armour
 b - a +0 robe (worn)
Scrolls
 d - a scroll of vulnerability
 f - a scroll of noise


   Skills:
 + Level 3.7 Fighting
 * Level 5.1 Axes
 + Level 1.0 Spellcasting
 + Level 3.5 Fire Magic


You had one spell level left.
You knew the following spells:

 Your Spells              Type           Power      Damage    Failure   Level
a - Scorch                Fire           20%        2d6       10%         2

Your spell library contained the following spells:

 Spells                   Type           Power      Damage    Failure   Level


Dungeon Overview and Level Annotations

Branches:
Dungeon (2/15)

Altars:


Message History

The adder poisons you! The adder bites you but does no damage.
You closely miss the adder.
The adder is heavily wounded.
You feel very sick. The adder misses you.
You closely miss the adder.
The adder is heavily wounded.
You feel sick.
The adder is no longer more vulnerable to fire.
The adder bites you but does no damage.
You closely miss the adder.
The adder is heavily wounded.
You feel sick. The adder bites you.
You are more poisoned.
The adder poisons you! The adder barely misses you.
You barely miss the adder.
The adder is heavily wounded.
You feel sick. The adder bites you.
* * * LOW HITPOINT WARNING * * *
You miss the adder.
The adder is heavily wounded.
* * * LOW HITPOINT WARNING * * *
You feel sick. The adder misses you.
You barely miss the adder.
The adder is heavily wounded.
* * * LOW HITPOINT WARNING * * *
You feel sick. The adder misses you. The adder barely misses you.
You barely miss the adder.
The adder is moderately wounded.
* * * LOW HITPOINT WARNING * * *
You feel sick. The adder bites you.
* * * LOW HITPOINT WARNING * * *
You are more poisoned.
The adder poisons you!
Unknown command.
You hit the adder. You burn the adder.
The adder is almost dead.
* * * LOW HITPOINT WARNING * * *
You feel sick. The adder bites you.
You die...

#.#.....##
...##.##....###..
...##.##.........
..##.##.##.###.. #
..##.....†.# ##.
#.#####.##.# ##... #.#
#.##.# #.....###.##
#....#
......S@...####..#...#
#................#...#
##....####.#####.#...#
#.#.. #.# ....... #...
... ..... . ###. ##.##
....... # ..# ##...#.
..# ...# ### ...#


You could see an adder.

Vanquished Creatures
  A ball python (D:1)
  6 endoplasms (D:1)
  A giant cockroach (D:2)
  2 goblins (D:1)
  A hobgoblin (D:1)
  2 quokkas
  2 bats (D:1)
  2 frilled lizards (D:1)
  A kobold (D:1)
  2 rats (D:1)
20 creatures vanquished.

Notes
Turn   | Place    | Note
-------+----------+-------------------------------------------
     0 | D:1      | a11behringer the Hill Orc Cinder Acolyte began the quest
                  | for the Orb.
     0 | D:1      | Reached XP level 1. HP: 19/19 MP: 2/2
   671 | D:1      | Reached XP level 2. HP: 22/26 MP: 3/3
  1234 | D:1      | Reached skill level 5 in Axes
  1672 | D:1      | Learned a level 2 spell: Scorch
  1829 | D:2      | HP: 1/27 [poisoned by an adder]
  1829 | D:2      | Slain by an adder

Illustrated notes

Levels and vault maps discovered:
D:1:      wander_arrival_fairy_ring, layout_basic, minmay_misc_feat_cross
D:2:      layout_loops_cross, dilly_ecumenical_altar_fadedgnrine, serial_shops,
          nicolae_shop_trees, corexii_hall_statues_i, nrook_loot_triangle,
          nicolae_shop_unique_rings

Skill      XL: |  1  2 |
---------------+-------+-----
Axes           | 5 |  5.1
Fighting       | |  3.7
Spellcasting   | |  1.0
Fire Magic     | |  3.5

Action                   || total
-------------------------++-------
Melee: Hand axe          ||    88
 Cast: Scorch            ||     1
  Use: Scroll            ||     6
       Potion            ||     1
Armor: Robe              ||    18
Dodge: Dodged            ||    36

Table legend: (Time is in decaauts)
 A = Elapsed time spent in this place.
 B = Non-inter-level travel time spent in this place.
 C = Inter-level travel time spent in this place.
 D = Time resting spent in this place.
 E = Time spent auto-exploring this place.
 F = Levels seen in this place.
 G = Mean time per level.
                   A        B        C        D        E       F      G
               +--------+--------+--------+--------+--------+-----+--------+
         Total |   1834 |   1819 |     15 |      0 |   1628 |   2 |  917.0 |
       Dungeon |   1834 |   1819 |     15 |      0 |   1628 |   2 |  917.0 |
               +--------+--------+--------+--------+--------+-----+--------+

Top non-repeatable levels by time:
     D:1: 1687 daAuts
     D:2: 147 daAuts
